 Dungeon Crawl Stone Soup version 0.20-a0-351-gc9b4002 (webtiles) character file.

2958 RogueShenanigans the Archer (level 9, -5/79 HPs)
             Began as a Centaur Hunter on Dec 25, 2016.
             Was a Priest of Okawaru.
             Splashed by an acid dragon's acid (7 damage)
             ... on level 8 of the Dungeon.
             The game lasted 00:30:46 (10494 turns).

RogueShenanigans the Archer (Centaur Hunter)       Turns: 10494, Time: 00:30:46

Health: -5/79      AC:  1    Str: 17    XL:     9   Next: 52%
Magic:  11/11      EV:  9    Int: 10    God:    Okawaru [***...]
Gold:   456        SH:  0    Dex: 11    Spells: 8/8 levels left

rFire  + . .     SeeInvis .     b - +0 trident
rCold  + . .     Gourm    .     m - +3 leather armour {rC+}
rNeg   . . .     Faith    .     (no shield)
rPois  +         Spirit   .     R - +0 helmet
rElec  .         Reflect  .     g - +0 cloak
rCorr  .         Harm     .     (no gloves)
MR     .....                    (no barding)
Stlth  +.........               j - amulet of rage
                                G - ring of protection from fire
                                x - ring of poison resistance

@: corroded, very quick
A: hooves 3, deformed body, speed 2, tough skin 3
a: Heroism, Renounce Religion, Evoke Berserk Rage


You were on level 8 of the Dungeon.
You worshipped Okawaru.
Okawaru was most pleased with you.
You were not hungry.

You visited 1 branch of the dungeon, and saw 8 of its levels.

You collected 456 gold pieces.

Inventory:

Hand Weapons
 a - a +2 shortbow
 b - a +0 trident (weapon)
 D - a +0 short sword
 Q - a +0 halberd
Missiles
 d - 53 arrows
Armour
 c - a +0 leather armour
 g - a +0 cloak (worn)
 m - a +3 leather armour of cold resistance (worn)
 R - a +0 helmet (worn)
 U - a +0 plate armour
Jewellery
 j - an amulet of rage (around neck)
 x - a ring of poison resistance (left hand)
 y - an uncursed ring of flight
 F - an uncursed amulet of the gourmand
 G - a ring of protection from fire (right hand)
Wands
 C - a wand of slowing (23/48)
Scrolls
 l - 2 scrolls of remove curse
 o - 5 scrolls of teleportation
 p - 2 scrolls of fear
 r - a scroll of enchant weapon
 s - a scroll of fog
 v - 3 scrolls of recharging
 w - a scroll of immolation
 I - a scroll of magic mapping
 P - a scroll of enchant armour
 S - a scroll of amnesia
Potions
 e - a potion of berserk rage
 h - a potion of might {unknown}
 i - 2 potions of heal wounds
 n - 3 potions of curing
 q - a potion of lignification {unknown}
 t - 2 potions of agility
 z - a potion of magic {unknown}
 A - a potion of flight {unknown}
 B - a potion of mutation {unknown}
 J - a potion of haste {unknown}
 K - a potion of resistance
 L - a potion of degeneration {unknown}
 O - a potion of ambrosia {unknown}
Books
 M - a book of Debilitation

   Spells                             Type                      Level
   a - Corona                         Hexes                        1
   b - Slow                           Hexes                        2
   c - Gell's Gravitas                Hexes/Translocation          3
   d - Inner Flame                    Hexes/Fire                   3
   e - Cause Fear                     Hexes                        4
   f - Leda's Liquefaction            Hexes/Earth                  4
Comestibles
 f - 7 bread rations
 k - a royal jelly
 u - a beef jerky
 E - a meat ration
 H - a slice of pizza
 N - 2 fruits
 T - a chunk of flesh


   Skills:
 + Level 7.6 Fighting
 - Level 14.0 Bows
 + Level 0.2 Armour
 - Level 1.3 Dodging
 - Level 0.4 Stealth
 * Level 3.3 Invocations


You had 8 spell levels left.
You didn't know any spells.

Dungeon Overview and Level Annotations

Branches:
Dungeon (8/15)             Temple (0/1) D:7
   Lair: D:8-11

Altars:
Ashenzari
Fedhas
Gozag
Hepliaklqana
Makhleb
Nemelex Xobeh
Okawaru
Qazlal

Shops:
D:7 ?


Innate Abilities, Weirdness & Mutations

You have hooves in place of feet.
Armour fits poorly on your strangely shaped body.
You cover ground very quickly.
You have extremely tough skin. (AC +3)


Message History

The acid dragon bites you! The acid dragon claws you.
You closely miss the acid dragon.
You kick the acid dragon, but do no damage.
The acid dragon bites you. The acid dragon claws you.
You are too injured to fight recklessly!
As you read the scroll labeled OKECSI REIKER, it crumbles to dust.
It is a scroll of enchant armour.
Your +2 leather armour of cold resistance glows green for a moment.
The acid dragon barely misses you. x2
Okay, then.
The acid dragon spits acid at you. The splash of acid hits you!
You are splashed with acid!
The acid burns!
* * * LOW HITPOINT WARNING * * *
Things that are here:
a dagger; a hand axe The acid dragon spits acid at you.
The splash of acid hits you!
* * * LOW HITPOINT WARNING * * *
The acid corrodes you!
You are splashed with acid!
The acid burns!
You die...

##### #...# ⌠.⌠.# ###########
._..### #.........# ⌠.⌠...#
##########.#######.#
#...#.#####.......)..# ###.###
###>#...........@.)..##
#.....# #
#.##.....#.######)..####.###.#
# #.##.####.## #....D...# ...
# #.##.# ### #...####.# .#.
#.##.# ##### #... .#. #. #.#
....### #.# ##### #.#


You could see an acid dragon.

Vanquished Creatures
  Joseph (D:7)
  Grinder (D:6)
  Sigmund (D:6)
  Menkaure (D:6)
  2 sky beasts (D:6)
  An ice beast (D:6)
  3 phantoms
  3 ogres (D:6)
  2 big kobolds (D:7)
  A bullfrog (D:7)
  A scorpion (D:5)
  2 howler monkeys (D:7)
  2 crimson imps
  4 hounds
  A jelly (D:5)
  5 orc priests (D:6)
  3 bullfrog skeletons
  3 orc wizards
  A centaur skeleton (D:5)
  2 iguanas
  5 worker ants
  2 worker ant zombies
  3 gnolls (D:2)
  10 adders
  A white imp (D:4)
  3 oozes
  An adder zombie (D:5)
  4 worms
  2 dart slugs
  8 leopard geckos
  11 orcs
  2 ball pythons
  10 bats
  5 giant cockroaches
  9 goblins
  6 hobgoblins
  6 jackals
  5 quokkas
  3 frilled lizards
  15 kobolds
  A leopard gecko skeleton (D:4)
  A quokka skeleton (D:6)
  8 rats
161 creatures vanquished.

Vanquished Creatures (others)
  A plant (D:2)
1 creature vanquished.

Grand Total: 162 creatures vanquished

Notes
Turn   | Place    | Note
-------+----------+-------------------------------------------
     0 | D:1      | RogueShenanigans the Centaur Hunter began the quest for the Orb.
     0 | D:1      | Reached XP level 1. HP: 17/17 MP: 1/1
   255 | D:1      | Reached XP level 2. HP: 20/24 MP: 2/2
   848 | D:1      | Reached skill level 6 in Bows
  1252 | D:2      | Reached XP level 3. HP: 22/30 MP: 3/3
  1446 | D:2      | Found a hazy altar of Hepliaklqana.
  1695 | D:2      | Reached XP level 4. HP: 28/37 MP: 4/4
  1925 | D:2      | Reached skill level 7 in Bows
  1940 | D:2      | Found a blossoming altar of Fedhas.
  2795 | D:3      | Reached XP level 5. HP: 37/45 MP: 5/5
  3703 | D:3      | Reached skill level 8 in Bows
  4468 | D:4      | Noticed a phantom
  4481 | D:4      | Reached XP level 6. HP: 42/52 MP: 6/6
  4503 | D:4      | Reached skill level 9 in Bows
  5401 | D:5      | Entered Level 5 of the Dungeon
  5449 | D:4      | Reached XP level 7. HP: 13/60 MP: 7/7
  5722 | D:5      | Found an iron altar of Okawaru.
  5738 | D:5      | Became a worshipper of Warmaster Okawaru
  5826 | D:5      | Reached skill level 10 in Bows
  5848 | D:5      | Found a burning altar of Makhleb.
  5983 | D:5      | Reached skill level 5 in Fighting
  6515 | D:5      | Found a shattered altar of Ashenzari.
  6516 | D:5      | Found an opulent altar of Gozag.
  6754 | D:6      | Reached * piety under Okawaru
  6792 | D:6      | Reached skill level 11 in Bows
  6829 | D:6      | Noticed Menkaure
  7110 | D:6      | Killed Menkaure
  7110 | D:6      | Reached XP level 8. HP: 69/69 MP: 8/8
  7611 | D:6      | Reached ** piety under Okawaru
  7802 | D:6      | Reached skill level 12 in Bows
  7879 | D:6      | Noticed Grinder
  7896 | D:6      | Killed Grinder
  8052 | D:6      | Noticed Sigmund
  8163 | D:6      | Killed Sigmund
  8163 | D:6      | Reached skill level 13 in Bows
  8674 | D:6      | Reached XP level 9. HP: 58/78 MP: 9/9
  8693 | D:6      | Reached skill level 1 in Invocations
  8867 | D:7      | Noticed Joseph
  9098 | D:7      | Killed Joseph
  9098 | D:7      | Reached *** piety under Okawaru
  9750 | D:7      | Found a staircase to the Ecumenical Temple.
  9904 | D:7      | Found a stormy altar of Qazlal.
  9928 | D:7      | Reached skill level 14 in Bows
 10020 | D:7      | Found Etuezoh's Magic Scroll Shoppe.
 10359 | D:8      | Found a sparkling altar of Nemelex Xobeh.
 10494 | D:8      | HP: 2/79 [acid dragon/splash of acid (17)]
 10494 | D:8      | Splashed by an acid dragon's acid

Vault maps used:
D:1:      kennysheep_arrival_seaside
D:2:      wad_woods_settlement, fedhas_altar_1, lemuel_doored_altar
D:4:      minmay_fire_ice_demons
D:5:      nicolae_overflow_crystal_walls, bloody_makhleb,
          gammafunk_temple_overflow_statue, first_bread
D:6:      serial_bayou_crossing, uniq_menkaure, uniq_sigmund, uniq_grinder
D:7:      lemuel_round_altar, serial_shops, shop_fountains, uniq_joseph
D:8:      nemelex_xobeh_ov_fountains_minmay, kennysheep_mini_moat,
          trog_eyes_of_draining

Skill      XL: |  1  2  3  4  5  6  7  8  9 |
---------------+----------------------------+-----
Bows           | 6 7 8 9 11 13 14 | 14.0
Fighting       | 3 4 5 6 7 |  7.6
Invocations    | 3 |  3.3
Armour         | |  0.2
Dodging        | |  1.3
Stealth        | |  0.4

Action                   |  1- 3 |  4- 6 |  7- 9 || total
-------------------------+-------+-------+-------++-------
Melee: Short sword       |    82 |   114 |       ||   196
       Kick              |    10 |    42 |    61 ||   113
       Halberd           |       |   156 |   113 ||   269
       Trident           |       |       |   187 ||   187
 Fire: Shortbow          |    22 |    83 |   143 ||   248
 Abil: Evoke Berserk Rag |       |       |     1 ||     1
  Use: Scroll            |     1 |     5 |    10 ||    16
       Potion            |       |       |     1 ||     1
  Eat: Chunk             |     1 |    11 |     4 ||    16
       Meat ration       |       |       |     2 ||     2
       Fruit             |       |       |     1 ||     1
Armor: Leather armour    |    48 |   135 |   122 ||   305
Dodge: Dodged            |    47 |   157 |   159 ||   363
